 Dungeon Crawl Stone Soup version 0.30-a0-141-g30f27751c5 (webtiles) character file.

Game seed: 9890912637384567546

45 qw the Chopper (level 3, 0/23 HPs)
             Began as a Gargoyle Fighter on Sept 25, 2022.
             Slain by Sigmund
             ... wielding a +2 scythe of venom
              (2 damage)
             ... on level 2 of the Dungeon.
             The game lasted 00:00:29 (1645 turns).

qw the Chopper (Gargoyle Fighter)                   Turns: 1645, Time: 00:00:30

Health: 0/23       AC: 10    Str: 21    XL:     3   Next: 64%
Magic:  3/3        EV:  9    Int:  8    God:
Gold:   11         SH:  4    Dex:  9    Spells: 2/2 levels left

rFire   . . .      SeeInvis .    Y - +0 war axe
rCold   + . .      Faith    .    c - +0 buckler
rNeg    + . .      Spirit   .    b - +0 scale mail
rPois   inf        Reflect  .    (no helmet)
rElec   +          Harm     .    (no cloak)
rCorr   .          Rampage  .    (no gloves)
Will    .....                    (no boots)
Stlth   ..........               (no amulet)
HPRegen 0.07/turn                e - ring of protection from cold
MPRegen 0.08/turn                (no ring)

@: no status effects
A: sickness immunity, AC +3, negative energy resistance 1, electricity
resistance, torment resistance 1, petrification resistance
a: no special abilities


You were on level 2 of the Dungeon.
You visited 1 branch of the dungeon, and saw 2 of its levels.

You collected 111 gold pieces.
You spent 100 gold pieces at shops.


Innate Abilities, Weirdness & Mutations

You are immune to sickness and miasma.
Your stone body is resilient. (AC +3)
You are immune to poison.
You resist negative energy. (rN+)
You are resistant to electric shocks. (rElec)
You are resistant to unholy torment.
You are immune to petrification.


   Skills:
 - Level 3.2 Fighting
 + Level 3.5 Axes
 - Level 3.2 Armour
 - Level 3.2 Shields


You had 2 spell levels left.
You didn't know any spells.
Your spell library was empty.

Inventory:

Hand Weapons
 Y - a +0 war axe (weapon)
Armour
 b - a +0 scale mail (worn)
 c - a +0 buckler (worn)
 j - a +2 leather armour of cold resistance
Jewellery
 e - a ring of protection from cold (left hand)
Scrolls
 h - 3 scrolls of identify
Potions
 d - 3 potions of might
 f - a potion of heal wounds
 k - a potion of haste

Dungeon Overview and Level Annotations

Branches:
Dungeon (2/15)

Altars:
Nemelex Xobeh

Shops:
D:1 ([

Annotations:
D:2 Sigmund


Message History

Sigmund is nearby!
Sigmund barely misses you.
You closely miss Sigmund. Sigmund hits you but does no damage.
You barely miss Sigmund. Sigmund barely misses you.
You barely miss Sigmund. Sigmund barely misses you.
You hit Sigmund.
Sigmund is lightly wounded.
Sigmund gestures wildly while chanting.
Sigmund flickers and vanishes!
Deactivating autopickup; reactivate with Ctrl-A.
You miss something.
You hear some strange, mumbled words.
A puff of flame appears from out of thin air!
The puff of flame hits you!
You hit something. Something hits you.
You miss something. Something hits you but does no damage.
You closely miss something.
You hear some strange, mumbled words.
You are confused.
You're too confused to attack without stumbling around!
There is a strange disturbance nearby!
Something hits you.
You're too confused to attack without stumbling around!
There is a strange disturbance nearby!
Something hits you!
You're too confused to attack without stumbling around!
There is a strange disturbance nearby!
You're too confused to attack without stumbling around!
There is a strange disturbance nearby!
Something hits you but does no damage.
You're too confused to attack without stumbling around!
There is a strange disturbance nearby!
You feel less confused. Something hits you.
You die...

..........#..............###...#.
................##...............
..................>..............
...%......###.######..#..###...##
#..#####..##..# ##...#..........
...# ##..#.#####..#............
.#.# #........#.###...........
...# #..........#####......>.)
#..# #......{@<(..............
#.. #.........#...#.....
#......<.##...# ..
##.#............
#.....).......### .........##...#
##...#### #### ##.#


There were no monsters in sight!

Vanquished Creatures
  An adder (D:2)
  A worm (D:2)
  3 dart slugs (D:1)
  2 endoplasms (D:1)
  A goblin (D:1)
  4 hobgoblins (D:1)
  4 jackals (D:1)
  A quokka (D:2)
  A ball python (D:1)
  3 frilled lizards
  5 kobolds
  A rat (D:1)
27 creatures vanquished.

Notes
Turn   | Place    | Note
-------+----------+-------------------------------------------
     0 | D:1      | qw the Gargoyle Fighter began the quest for the Orb.
     0 | D:1      | Reached XP level 1. HP: 14/14 MP: 1/1
     0 | D:1      | 0 ||| qw: Version: 0.2-a-10-g399e6c4
     0 | D:1      | 0 ||| qw: Game counter: 248
     0 | D:1      | 0 ||| qw: Always use a shield: true
     0 | D:1      | 0 ||| qw: God list: Okawaru
     0 | D:1      | 0 ||| qw: Allow faded altars: false
     0 | D:1      | 0 ||| qw: Do Orc after D:15 true
     0 | D:1      | 0 ||| qw: Do second Lair branch before Depths: true
     0 | D:1      | 0 ||| qw: Lair rune preference: random
     0 | D:1      | 0 ||| qw: Plans: Normal, Zot:1-4, God:TSO, Crypt, Tomb,
                  | Pan, Slime:5, Hells, Abyss, Orb
     0 | D:1      | 0 ||| PLANNING D:1-11
   207 | D:1      | 207 ||| Stepping ~*~*~tactically~*~*~ (hiding).
   363 | D:1      | 363 ||| Stepping ~*~*~tactically~*~*~ (stealth).
   364 | D:1      | 364 ||| Stepping ~*~*~tactically~*~*~ (stealth).
   368 | D:1      | 368 ||| Stepping ~*~*~tactically~*~*~ (stealth).
   374 | D:1      | Reached XP level 2. HP: 15/19 MP: 2/2
   673 | D:1      | Reached skill level 3 in Axes
   829 | D:1      | Reached XP level 3. HP: 23/23 MP: 3/3
   841 | D:1      | Found Ucuth's Antique Armour Shop.
   845 | D:1      | 845 ||| BUYING glowing leather armour (100 gold).
   845 | D:1      | Bought a glowing leather armour for 100 gold pieces
   845 | D:1      | 845 ||| SHOPLISTING glowing scale mail (140 gold, have 11).
   864 | D:1      | 864 ||| Stepping ~*~*~tactically~*~*~ (hiding).
   931 | D:1      | Found Ettoull's Antique Weapon Shoppe.
   934 | D:1      | 934 ||| SHOPLISTING club (27 gold, have 11).
   934 | D:1      | 934 ||| SHOPLISTING mace (81 gold, have 11).
  1098 | D:1      | 1098 ||| UPGRADING to ring of protection from cold.
  1099 | D:1      | 1099 ||| READING scroll labelled LEQUAG VIUGARPH.
  1100 | D:1      | 1100 ||| READING 5 scrolls labelled BUNEEJ MEK.
  1101 | D:1      | 1101 ||| READING scroll labelled PAYJUNUODI.
  1102 | D:1      | 1102 ||| DRINKING 2 red potions.
  1321 | D:2      | Found a sparkling altar of Nemelex Xobeh.
  1338 | D:2      | Noticed Sigmund
  1339 | D:2      | 1339 ||| FLEEEEING.
  1340 | D:2      | 1340 ||| FLEEEEING.
  1342 | D:2      | 1342 ||| FLEEEEING.
  1343 | D:2      | 1343 ||| FLEEEEING.
  1344 | D:2      | 1344 ||| FLEEEEING.
  1345 | D:2      | 1345 ||| FLEEEEING.
  1346 | D:2      | 1346 ||| FLEEEEING.
  1347 | D:2      | 1347 ||| FLEEEEING.
  1348 | D:2      | 1348 ||| FLEEEEING.
  1354 | D:2      | 1354 ||| STAIRDANCE
  1447 | D:1      | 1447 ||| DROPPING +3 leather armour.
  1448 | D:1      | 1448 ||| READING scroll labelled XIEVOIMMUEG.
  1449 | D:1      | 1449 ||| READING scroll labelled XACOQU RAYT.
  1453 | D:1      | 1453 ||| READING 4 scrolls of identify.
  1453 | D:1      | 1453 ||| IDENTIFYING lumpy purple potion
  1479 | D:2      | 1479 ||| STAIRDANCE
  1642 | D:2      | HP: 2/23 [something (7)]
  1645 | D:2      | Slain by Sigmund

Levels and vault maps discovered:
D:1:      eino_arrival_cavern_c, layout_loops_ring, serial_shops,
          nicolae_shop_behind_doors, nicolae_shop_hallway_stairs,
          wander_ebering_terrifying_dragon_lair
D:2:      layout_rooms, basic_altar, patterned_corridor, uniq_sigmund

Skill      XL: |  1  2 |
---------------+-------+-----
Axes           | 2 3 |  3.5
Fighting       | |  3.2
Armour         | |  3.2
Shields        | |  3.2

Action                   || total
-------------------------++-------
Melee: War axe           ||    64
  Use: Scroll            ||     6
       Potion            ||     1
Armor: Scale mail        ||    26
Dodge: Dodged            ||    25
Block: Buckler           ||     2

Table legend:
 A = Non-vault XP
 B = Vault XP
 C = Vault XP percentage of total XP
 D = Non-vault monster count
 E = Vault monster count
 F = Vault count percentage of total count
                 A         B        C        D         E       F
            +---------+---------+-------+---------+---------+-------
      Total |      64 |       1 |   1.5 |      26 |       1 |   3.7
            +---------+---------+-------+---------+---------+-------
        D:1 |      38 |       1 |   2.6 |      18 |       1 |   5.3
        D:2 |      26 |       0 |   0.0 |       8 |       0 |   0.0
            +---------+---------+-------+---------+---------+-------
